 Dungeon Crawl Stone Soup version 0.26-a0-778-g3fe0686644 (webtiles) character file.

Game seed: 5370396869832330150

268 muata the Grave Robber (level 6, -2/41 HPs)
             Began as a Human Necromancer on Nov 8, 2020.
             Slain by a bullfrog (7 damage)
             ... in a sewer on Nov 10, 2020.
             The game lasted 00:14:27 (5465 turns).

muata the Grave Robber (Human Necromancer)          Turns: 5465, Time: 00:14:27

Health: -2/41      AC:  4    Str:  8    XL:     6   Next: 46%
Magic:  4/10       EV: 13    Int: 17    God:
Gold:   189        SH:  0    Dex: 14    Spells: 10/11 levels left

rFire    . . .     SeeInvis .   g - +0 dagger
rCold    . . .     Faith    .   (no shield)
rNeg     . . .     Spirit   .   a - +0 robe
rPois    .         Reflect  .   (no helmet)
rElec    .         Harm     .   s - +0 cloak (curse)
rCorr    .         Rampage  .   (no gloves)
MR       .....                  b - +0 pair of boots
Stlth    +.........             (no amulet)
HPRegen  0.13/turn              (no ring)
MPRegen  0.12/turn              (no ring)

@: very slow
A: no striking features
a: no special abilities


You were in a sewer.
You visited 1 branch of the dungeon, and saw 3 of its levels.
You also visited: Sewer.

You collected 189 gold pieces.

Inventory:

Hand Weapons
 g - a +0 dagger (weapon)
Missiles
 q - 6 poisoned darts (quivered)
Armour
 a - a +0 robe (worn)
 b - a +0 pair of boots (worn)
 c - a +0 leather armour
 s - a cursed +0 cloak (worn)
Jewellery
 j - a cursed -4 ring of intelligence {unknown}
 l - an uncursed amulet of guardian spirit {unknown}
 m - a +4 ring of slaying {unknown}
 t - an uncursed amulet of reflection {unknown}
 v - an uncursed ring of see invisible {unknown}
Scrolls
 d - a scroll of immolation {unknown}
 e - 2 scrolls of teleportation {unknown}
 i - 4 scrolls of remove curse {unknown}
 r - a scroll of blinking {unknown}
 u - a scroll of identify {unknown}
Potions
 f - a potion of berserk rage {unknown}
 h - a potion of heal wounds {unknown}
 k - 2 potions of invisibility {unknown}
 n - a potion of curing {unknown}
 o - a potion of magic {unknown}
 p - a potion of haste {unknown}


   Skills:
 + Level 3.5 Dodging
 + Level 3.7 Stealth
 + Level 3.3 Spellcasting
 + Level 5.0 Necromancy


You had 10 spell levels left.
You knew the following spells:

 Your Spells              Type           Power        Failure   Level
a - Pain                  Necr           ###.         2%          1

Your spell library contained the following spells:

 Spells                   Type           Power        Failure   Level
 Animate Skeleton         Necr           ###...       2%          1
 Vampiric Draining        Necr           ###.......   6%          3
 Animate Dead             Necr           ###.......   22%         4
 Agony                    Necr           ###.....     52%         5


Dungeon Overview and Level Annotations

Branches:
Dungeon (3/15)              Sewer (1/1)

Altars:


Message History

Confirm with . or Enter, or press ? or * to list all spells.
Aiming: Pain (safe; 2% risk of failure)
Press: ? - help, Shift-Dir - straight line, f - bullfrog
Aim: a bullfrog (chance to defeat MR: 78%)
The bullfrog barely resists.
The bullfrog closely misses you. The bullfrog misses you.
Casting: Pain (safe; 2% risk of failure)
Confirm with . or Enter, or press ? or * to list all spells.
Aiming: Pain (safe; 2% risk of failure)
Press: ? - help, Shift-Dir - straight line, f/p - bullfrog
Aim: a bullfrog (chance to defeat MR: 78%)
The bullfrog writhes in agony.
The bullfrog closely misses you.
Casting: Pain (safe; 2% risk of failure)
Confirm with . or Enter, or press ? or * to list all spells.
Aiming: Pain (safe; 2% risk of failure)
Press: ? - help, Shift-Dir - straight line, f/p - bullfrog
Aim: a bullfrog (lightly wounded, chance to defeat MR: 78%)
The bullfrog writhes in agony.
The bullfrog closely misses you. The bullfrog hits you!
You die...

#############
#≈≈≈≈≈≈.≈≈≈.#####
#...≈≈≈≈≈†≈.†.∩.###
#≈.≈#########....≈#
####≈.≈≈≈≈≈≈≈≈≈####.≈∩#
##.≈#≈≈.≈≈#####≈≈≈≈#####
####≈≈≈#######≈∩≈#≈≈≈≈≈≈≈##
##≈≈...≈≈#...≈≈≈≈≈####.≈≈≈≈##
#≈≈.†#≈≈##((.≈≈F@≈.≈.###≈≈≈≈##
≈≈≈≈##.≈#≈≈#######≈≈≈≈≈##≈.≈≈#
≈≈≈##.≈##≈≈# ###≈≈≈.##≈≈≈##
..≈#≈..#≈≈.≈ ##†.≈.#≈÷≈≈#
≈≈##≈≈.#≈≈≈.≈ ##†≈.##...#
≈≈#.≈≈.#≈≈≈≈.F #≈†≈≈#≈≈.#
≈≈#≈≈≈.#≈≈.$$?. #≈≈≈≈#≈≈.#
≈≈#≈...#≈≈≈.!.(. #.≈.≈#.≈≈#
≈≈##...##≈≈≈..≈≈≈ ##≈≈.##≈.≈#


You could see a bullfrog.

Vanquished Creatures
  A bullfrog (Sewer)
  5 adders
  13 oozes (Sewer)
  2 worms (D:3)
  2 dart slugs (D:1)
  9 leopard geckos
  2 orcs (D:3)
  6 bats
  10 giant cockroaches
  4 goblins (D:1)
  8 hobgoblins
  8 kobolds
  12 ball pythons
  4 frilled lizards
  5 rats
91 creatures vanquished.

Notes
Turn   | Place    | Note
-------+----------+-------------------------------------------
     0 | D:1      | muata the Human Necromancer began the quest for the Orb.
     0 | D:1      | Reached XP level 1. HP: 13/13 MP: 3/3
   260 | D:1      | Reached XP level 2. HP: 15/19 MP: 0/5
   864 | D:1      | Reached XP level 3. HP: 23/24 MP: 2/6
  1686 | D:2      | Upgraded the game from 0.26-a0-757-g626ac9e51a to
                  | 0.26-a0-771-g060e6a62af
  1686 | D:2      | Found a faded altar of an unknown god.
  2596 | D:2      | Upgraded the game from 0.26-a0-771-g060e6a62af to
                  | 0.26-a0-778-g3fe0686644
  2725 | D:3      | Reached XP level 4. HP: 25/30 MP: 4/7
  3109 | D:3      | Found a glowing drain.
  3292 | Sewer    | Entered a sewer
  3728 | Sewer    | Reached XP level 5. HP: 33/35 MP: 6/9
  5268 | Sewer    | Reached XP level 6. HP: 36/41 MP: 3/10
  5410 | Sewer    | Reached skill level 5 in Necromancy
  5465 | Sewer    | Slain by a bullfrog

Illustrated notes

Levels and vault maps discovered:
D:1:      dpeg_arrival_arbitrary_c, layout_loops_ring, serial_co_window_serial,
          co_window_paths_a, co_window_of_opportunity_a, co_window_corner_a,
          co_window_paths_a, co_window_of_opportunity_a,
          co_window_of_opportunity_a, co_window_corner_a,
          co_window_of_opportunity_b, co_window_2corner, co_window_corner_b,
          co_window_of_opportunity_b, co_window_broadway_a, co_window_paths_d,
          co_window_4corner_a, glass_columns_a
D:2:      layout_basic, chequers_ecumenical_altar_simple
D:3:      layout_rooms, cheibrodos_sewer_entry_bend
Sewer:    sewer_frog_island_02

Skill      XL: |  1  2  3  4  5  6 |
---------------+-------------------+-----
Stealth        | 3 |  3.7
Dodging        | 3 |  3.5
Spellcasting   | 3 |  3.3
Necromancy     | 5 |  5.0

Action                   |  1- 3 |  4- 6 || total
-------------------------+-------+-------++-------
Melee: Unarmed           |     1 |       ||     1
       Dagger            |     8 |   114 ||   122
Throw: Dart              |     1 |    29 ||    30
 Cast: Pain              |    57 |   139 ||   196
 Stab: Sleeping          |     1 |       ||     1
Armor: Robe              |     8 |    51 ||    59
Dodge: Dodged            |    17 |   140 ||   157

Table legend: (Time is in decaauts)
 A = Elapsed time spent in this place.
 B = Non-inter-level travel time spent in this place.
 C = Inter-level travel time spent in this place.
 D = Time resting spent in this place.
 E = Time spent auto-exploring this place.
 F = Levels seen in this place.
 G = Mean time per level.
                   A        B        C        D        E       F      G
               +--------+--------+--------+--------+--------+-----+--------+
         Total |   5556 |   5471 |     85 |   2135 |   2429 |   4 | 1389.0 |
       Dungeon |   3298 |   3213 |     85 |    442 |   2374 |   3 | 1099.3 |
         Sewer |   2257 |   2257 |      0 |   1693 |     55 |   1 | 2257.0 |
               +--------+--------+--------+--------+--------+-----+--------+

Top non-repeatable levels by time:
   Sewer: 2257 daAuts
     D:1: 1684 daAuts
     D:2: 924 daAuts
     D:3: 689 daAuts
